 Dungeon Crawl Stone Soup version 0.26-b1-32-g5d43845318 (webtiles) character file.

Game seed: 6787398326452590289

2389 Borgoz the Grappler (level 9, -4/78 HPs)
             Began as a Ghoul Gladiator on Jan 11, 2021.
             Was a Believer of Makhleb.
             Slain by a killer bee (7 damage)
             ... on level 8 of the Dungeon.
             The game lasted 00:07:50 (7008 turns).

Borgoz the Grappler (Ghoul Gladiator)               Turns: 7008, Time: 00:07:50

Health: -4/78      AC: 10    Str: 18    XL:     9   Next: 46%
Magic:  8/8        EV: 15    Int:  3    God:    Makhleb [**....]
Gold:   361        SH:  0    Dex: 13    Spells: 8/8 levels left

rFire    . . .     SeeInvis .     - Unarmed
rCold    + . .     Faith    .   (no shield)
rNeg     + + +     Spirit   .   d - +2 ring mail {Will+}
rPois    ∞         Reflect  .   b - +0 helmet
rElec    .         Harm     .   h - +0 cloak
rCorr    .         Rampage  .   (no gloves)
Will     +....                  e - +0 pair of boots
Stlth    +.........             (no amulet)
HPRegen  0.00/turn              (no ring)
MPRegen  0.11/turn              (no ring)

@: brilliant
A: claws 1, cold resistance 1, negative energy resistance 3, inhibited
regeneration, torment resistance, unbreathing
a: Renounce Religion, Minor Destruction


You were on level 8 of the Dungeon.
You worshipped Makhleb.
Makhleb was pleased with you.
You visited 2 branches of the dungeon, and saw 9 of its levels.

You collected 361 gold pieces.

Inventory:

Missiles
 c - 5 throwing nets (quivered)
Armour
 b - a +0 helmet (worn)
 d - a +2 ring mail of willpower (worn)
 e - a +0 pair of boots (worn)
 h - a +0 cloak (worn)
Jewellery
 s - an uncursed ring of positive energy {unknown}
Wands
 a - a wand of flame (37)
 l - a wand of acid (16)
 r - a wand of enslavement (9)
Scrolls
 f - 3 scrolls of enchant armour
 g - 3 scrolls of teleportation
 j - 2 scrolls of magic mapping {unknown}
 k - 2 scrolls of fear
 o - 3 scrolls of remove curse
 q - a scroll of fog {unknown}
 t - a scroll of identify
Potions
 i - 3 potions of flight
 m - 2 potions of magic {unknown}
 u - a potion of attraction {unknown}


   Skills:
 + Level 6.4 Fighting
 - Level 1.7 Throwing
 * Level 7.7 Dodging
 * Level 9.2 Unarmed Combat


You had 8 spell levels left.
You didn't know any spells.
Your spell library contained the following spells:

 Spells                   Type           Power        Failure   Level
 Corpse Rot               Necr/Air       N/A          86%         2
 Beastly Appendage        Tmut           Unusable     N/A         1
 Wereblood                Tmut           Unusable     N/A         2
 Spider Form              Tmut/Pois      Unusable     N/A         3
 Ice Form                 Ice/Tmut       Unusable     N/A         4
 Blade Hands              Tmut           Unusable     N/A         5

Dungeon Overview and Level Annotations

Branches:
Dungeon (8/15)             Temple (1/1) D:6
   Lair: D:8-11

Altars:
Ashenzari
Cheibriados
Dithmenos
Fedhas
Gozag
Kikubaaqudgha
Makhleb
Nemelex Xobeh
Okawaru
Ru
Sif Muna
Trog
Uskayaw
Wu Jian
Yredelemnul
Zin
The Shining One
Jiyva


Innate Abilities, Weirdness & Mutations

You thrive by killing the living.
You are immune to poison.
You have sharp fingernails.
Your flesh is cold resistant. (rC+)
You are immune to negative energy. (rN+++)
You do not regenerate when monsters are visible.
You are immune to unholy pain and torment.
You can survive without breathing.


Message History

The killer bee barely misses you.
You miss the killer bee.
The killer bee is almost dead.
The killer bee closely misses you.
The killer bee stings you but does no damage.
The killer bee barely misses you. The killer bee closely misses you.
You closely miss the killer bee.
The killer bee is almost dead.
The killer bee misses you. The killer bee barely misses you.
The killer bee stings you but does no damage.
It was a potion of lignification.
You feel woody for a moment. The killer bee closely misses you.
The killer bee misses you.
The killer bee stings you but does no damage.
The killer bee closely misses you.
It was a potion of brilliance.
You feel clever all of a sudden. The killer bee stings you!
* * * LOW HITPOINT WARNING * * *
The killer bee barely misses you. The killer bee stings you!
You die...

.....####..._...####.......
.....##.........##......oo
#.....................#
##.....##.....##.....#
.#.....###..#..###So#
.#..##.##..###..##o##
....##.....# #..ooo#
##)#####>#..#..#yy##
#))...........#@##
#.###...........# ##.#
###.######### #..# #.# ..##
#.# ..# #.# ..# #.# #..#
..## #######...##


You could see an orc warrior, 2 killer bees, an adder and 4 orcs.

Vanquished Creatures
  The ghost of no0bjke the Shield-Bearer, an amateur GrFi (D:5)
  Duvessa (D:6)
  3 ice beasts
  A sky beast (D:6)
  2 phantoms
  An ogre (D:7)
  A necrophage (D:5)
  The ghost of qborf the Ducker, an amateur DEAr (D:3)
  3 bullfrogs
  Dowan (D:6)
  A scorpion (D:8)
  3 killer bees (D:8)
  A bullfrog zombie (D:5)
  6 hounds
  3 jellies
  2 orc priests
  5 orc wizards
  2 bullfrog skeletons (D:5)
  2 worker ants
  An iguana (D:4)
  A hound skeleton (D:6)
  9 gnolls
  A howler monkey skeleton (D:7)
  7 adders
  A white imp (D:7)
  2 ufetubi (D:5)
  An ooze (D:2)
  4 worms
  2 adder skeletons
  9 leopard geckos
  17 orcs
  5 ball pythons
  3 bats
  3 giant cockroaches
  17 goblins
  6 hobgoblins
  7 kobolds
  3 quokkas
  6 frilled lizards
  A giant cockroach zombie (D:5)
  A jackal skeleton (D:4)
  A leopard gecko skeleton (D:7)
  2 quokka zombies
  9 rats
159 creatures vanquished.

Vanquished Creatures (others)
  8 plants (D:4)
8 creatures vanquished.

Grand Total: 167 creatures vanquished

Notes
Turn   | Place    | Note
-------+----------+-------------------------------------------
     0 | D:1      | Borgoz the Ghoul Gladiator began the quest for the Orb.
     0 | D:1      | Reached XP level 1. HP: 17/17 MP: 0/0
   319 | D:1      | Reached XP level 2. HP: 25/25 MP: 1/1
   764 | D:1      | Reached XP level 3. HP: 27/30 MP: 2/2
  1052 | D:2      | Reached skill level 4 in Unarmed Combat
  1266 | D:2      | Reached XP level 4. HP: 37/37 MP: 3/3
  1903 | D:3      | Found a glowing silver altar of Zin.
  1971 | D:3      | Noticed a bullfrog
  1983 | D:3      | Killed a bullfrog
  1984 | D:3      | Reached XP level 5. HP: 34/45 MP: 4/4
  2093 | D:3      | Found an ornate altar of the Wu Jian Council.
  2502 | D:3      | Found a runed translucent door.
  2502 | D:3      | Noticed qborf's ghost (amateur DEAr)
  2808 | D:3      | Killed qborf's ghost
  2809 | D:3      | Reached skill level 5 in Unarmed Combat
  2809 | D:3      | Reached XP level 6. HP: 40/51 MP: 5/5
  3350 | D:4      | Noticed a phantom
  3368 | D:4      | Killed a phantom
  3369 | D:4      | Reached XP level 7. HP: 52/59 MP: 6/6
  3409 | D:4      | Found a burning altar of Makhleb.
  3416 | D:4      | Found a snail-covered altar of Cheibriados.
  3496 | D:4      | Reached skill level 6 in Unarmed Combat
  3501 | D:4      | Reached skill level 5 in Dodging
  3534 | D:4      | Became a worshipper of Makhleb the Destroyer
  3679 | D:4      | Found a hide-covered altar of Uskayaw.
  3681 | D:4      | Noticed a +0 dagger
  3682 | D:4      | Noticed a +0 dagger
  4002 | D:5      | Entered Level 5 of the Dungeon
  4474 | D:5      | Reached skill level 7 in Unarmed Combat
  4474 | D:5      | Reached XP level 8. HP: 62/67 MP: 7/7
  4532 | D:5      | Found a runed translucent gate.
  4534 | D:5      | Found a runed translucent gate.
  4535 | D:5      | Found a runed translucent gate.
  4537 | D:5      | Noticed no0bjke's ghost (amateur GrFi)
  4681 | D:5      | Reached * piety under Makhleb
  4722 | D:5      | Got a crystal mace
  4723 | D:5      | Identified the cursed +3 mace "Yckax" {freeze, rElec rN+
                  | Str+4 Dex+4} (You found it on level 5 of the Dungeon)
  5116 | D:5      | Reached skill level 5 in Fighting
  5144 | D:5      | Killed no0bjke's ghost
  5418 | D:6      | Noticed Duvessa
  5419 | D:6      | Found a bloodstained altar of Trog.
  5431 | D:6      | Killed Duvessa
  5516 | D:6      | Noticed Dowan
  5521 | D:6      | Found a shimmering blue altar of Sif Muna.
  5530 | D:6      | Killed Dowan
  5535 | D:6      | Identified Sif Muna's Guide on Darkness
  5607 | D:6      | Reached skill level 8 in Unarmed Combat
  5652 | D:6      | Found a staircase to the Ecumenical Temple.
  5803 | Temple   | Entered the Ecumenical Temple
  6262 | D:6      | Reached XP level 9. HP: 58/75 MP: 8/8
  6625 | D:7      | Reached ** piety under Makhleb
  6785 | D:7      | Found an iron altar of Okawaru.
  6928 | D:8      | Reached skill level 9 in Unarmed Combat
  6956 | D:8      | Found a shadowy altar of Dithmenos.
  7008 | D:8      | HP: 3/78 [killer bee (8)]
  7008 | D:8      | Slain by a killer bee

Illustrated notes

Levels and vault maps discovered:
D:1:      dpeg_arrival_stonehenge_12_columns, layout_basic
D:2:      layout_loops_corners
D:3:      minmay_general_purpose_star, layout_rooms,
          nicolae_overflow_crystal_walls, nzn_wu_jian_contemplation,
          ebering_ghost_reflecting_pool, st_stairs_10, serial_bayou_crossing
D:4:      layout_basic, grunt_temple_overflow_open, dancing_weapons_uskayaw,
          minmay_lizard_king
D:5:      minmay_chambers_of_threes, layout_basic, gammafunk_ghost_necromancy,
          chequers_serial_rivers_room_b
D:6:      layout_basic, nzn_overflow_gifts_of_might_and_magic,
          minmay_temple_entry_mist
D:7:      layout_cave_pools, kennysheep_okawaru_gauntlet
D:8:      layout_layer_cave, general_overflow_altar, lemuel_doored_altar,
          nicolae_dithmenos_shadow_blocks, gammafunk_temple_overflow_wave
Temple:   pf_slimified_temple

Skill      XL: |  1  2  3  4  5  6  7  8  9 |
---------------+----------------------------+-----
Dodging        | 3 4 5 7 |  7.7
Unarmed Combat | 4 5 7 8 9 |  9.2
Fighting       | 3 4 5 6 |  6.4
Throwing       | |  1.7

Action                   |  1- 3 |  4- 6 |  7- 9 || total
-------------------------+-------+-------+-------++-------
Melee: Unarmed           |   111 |   146 |   450 ||   707
       Punch             |       |     5 |    10 ||    15
Evoke: Wand              |       |       |     4 ||     4
  Use: Scroll            |       |     9 |     3 ||    12
       Potion            |       |       |     5 ||     5
Armor: Leather armour    |     2 |       |       ||     2
       Ring mail         |    27 |    41 |   161 ||   229
Dodge: Dodged            |    67 |    83 |   289 ||   439
